 Dungeon Crawl Stone Soup version 0.29-a0-243-g602b31c20e (webtiles) character file.

Game seed: 13551154177899751074

54 sammy202020 the Shield-Bearer (level 3, -2/33 HPs)
             Began as a Minotaur Fighter on Mar 5, 2022.
             Succumbed to a gnoll's poison
             ... on level 2 of the Dungeon.
             The game lasted 00:02:14 (1253 turns).

sammy202020 the Shield-Bearer (Minotaur Fighter)    Turns: 1253, Time: 00:02:15

Health: -2/33      AC: 12    Str: 20    XL:     3   Next: 66%
Magic:  2/2        EV:  7    Int:  7    God:
Gold:   145        SH:  4    Dex:  9    Spells: 2/2 levels left

rFire   . . .      SeeInvis .   a - +0 flail
rCold   . . .      Faith    .   c - +0 buckler
rNeg    . . .      Spirit   .   j - +0 chain mail
rPois   .          Reflect  .   (helmet restricted)
rElec   .          Harm     .   (no cloak)
rCorr   .          Rampage  .   i - +2 pair of gloves
Will    .....                   (no boots)
Stlth   ..........              (no amulet)
HPRegen 0.11/turn               (no ring)
MPRegen 0.08/turn               (no ring)

@: mighty, lethally poisoned (-2 -> -16)
A: horns 2, retaliatory headbutt
a: no special abilities


You were on level 2 of the Dungeon.
You visited 1 branch of the dungeon, and saw 2 of its levels.

You collected 145 gold pieces.

Inventory:

Hand Weapons
 a - a +0 flail (weapon)
Armour
 c - a +0 buckler (worn)
 i - a +2 pair of gloves (worn)
 j - a +0 chain mail (worn)
Jewellery
 f - a ring of poison resistance
 g - an amulet of magic regeneration
Wands
 b - a wand of charming (7)
Scrolls
 e - a scroll of amnesia {unknown}
 h - a scroll of identify {unknown}


   Skills:
 * Level 4.1 Fighting
 * Level 3.1 Maces & Flails
 * Level 4.1 Armour
 + Level 0.7 Dodging
 * Level 4.2 Shields


You had 2 spell levels left.
You didn't know any spells.
Your spell library was empty.

Dungeon Overview and Level Annotations

Branches:
Dungeon (2/15)

Altars:

Shops:
D:1 (   D:2 (


Innate Abilities, Weirdness & Mutations

You have a pair of horns on your head.
You reflexively headbutt those who attack you in melee.


Message History

The gnoll barely misses you.
You rip the net and break free!
The gnoll throws a throwing net.
The throwing net hits you.
You become entangled in the net!
You see here a throwing net.
You struggle against the net.
You tear a large gash into the net.
You rip the net and break free!
The gnoll hits you but does no damage.
The gnoll hits you from afar with a +2 spear of venom.
You block the gnoll's attack. x2
You block the gnoll's attack. The gnoll closely misses you.
The gnoll hits you with a +0 whip.
You hit the gnoll.
The gnoll is heavily wounded.
The gnoll hits you but does no damage. The gnoll barely misses you.
You sock the gnoll!
You kill the gnoll!
The gnoll throws a throwing net.
The throwing net hits you.
You become entangled in the net!
You struggle against the net.
The gnoll hits you from afar with a +2 spear of venom.
You tear a large gash into the net.
The gnoll hits you from afar with a +2 spear of venom.
You are poisoned.
You struggle against the net.
You feel very sick.
The gnoll hits you from afar with a +2 spear of venom.
You are lethally poisoned!
You rip the net and break free!
* * * LOW HITPOINT WARNING * * *
You feel very sick. The gnoll hits you but does no damage.
You are more poisoned.
Sorry, you're not good enough to have a special ability.
* * * LOW HITPOINT WARNING * * *
You feel very sick.
* * * LOW HITPOINT WARNING * * *
You feel very sick.
You feel very mighty all of a sudden.
You die...

# #......#########.....
#.#.#.#..##......#.....
#.#.#.#..##......#.....
#........##.........###
###.#.##.##......#..#
#......##......#..#
###.#####.[....#..#
#.#####...........g
#.@.gg.g#.##.#...#.
##.#####.#........#
#...####..........#
#.....##.####......
#...#.##.##.#..#.##
##∩##......#.....#
#.......#..# #.
#######.......
##.#...##


You could see 3 gnolls.

Vanquished Creatures
  2 gnolls
  A dart slug (D:2)
  4 bats (D:1)
  3 endoplasms (D:1)
  4 goblins (D:1)
  6 hobgoblins
  3 jackals (D:1)
  A quokka (D:1)
  3 frilled lizards
  2 kobolds (D:1)
  A rat (D:1)
30 creatures vanquished.

Vanquished Creatures (others)
  10 fungi (D:1)
  11 plants (D:1)
  5 toadstools (D:1)
26 creatures vanquished.

Grand Total: 56 creatures vanquished

Notes
Turn   | Place    | Note
-------+----------+-------------------------------------------
     0 | D:1      | sammy202020 the Minotaur Fighter began the quest for the
                  | Orb.
     0 | D:1      | Reached XP level 1. HP: 19/19 MP: 0/0
   279 | D:1      | Reached XP level 2. HP: 18/27 MP: 1/1
   520 | D:1      | Found a faded altar of an unknown god.
   719 | D:1      | Found Xaoqohih's Antique Weapon Shoppe.
   736 | D:1      | Reached XP level 3. HP: 17/33 MP: 2/2
  1177 | D:2      | Found Haiskan's Antique Weapon Shoppe.
  1252 | D:2      | HP: 1/33 [poisoned by a gnoll]
  1253 | D:2      | Succumbed to a gnoll's poison

Illustrated notes

Levels and vault maps discovered:
D:1:      ldierk_walled_garden, layout_basic, dreamdust_ecumenical_altar_grove,
          serial_shops, shop_coins, solitary_fountain
D:2:      layout_loops_cross, serial_shops, shop

Skill      XL: |  1  2 |
---------------+-------+-----
Shields        | 4 |  4.2
Armour         | 4 |  4.1
Fighting       | 4 |  4.1
Maces & Flails | 3 |  3.1
Dodging        | |  0.7

Action                   || total
-------------------------++-------
Melee: Flail             ||    59
       Headbutt          ||     6
  Use: Potion            ||     1
Armor: Scale mail        ||    29
       Chain mail        ||     4
Dodge: Dodged            ||    38
Block: Buckler           ||    17

Table legend: (Time is in decaauts)
 A = Elapsed time spent in this place.
 B = Non-inter-level travel time spent in this place.
 C = Inter-level travel time spent in this place.
 D = Time resting spent in this place.
 E = Time spent auto-exploring this place.
 F = Levels seen in this place.
 G = Mean time per level.
                   A        B        C        D        E       F      G
               +--------+--------+--------+--------+--------+-----+--------+
         Total |   1275 |   1220 |     55 |      0 |    938 |   2 |  637.5 |
       Dungeon |   1275 |   1220 |     55 |      0 |    938 |   2 |  637.5 |
               +--------+--------+--------+--------+--------+-----+--------+

Top non-repeatable levels by time:
     D:1: 1163 daAuts
     D:2: 112 daAuts
